 Dungeon Sprint DCSS version 0.22-a0-422-g9628fc87f1 (webtiles) character file.

10465 Ebeneezer the Severer (level 11, -2/111 HPs)
             Began as a Deep Dwarf Fighter on May 22, 2018.
             Was the Champion of Makhleb.
             Slain by an orc knight
             ... wielding a +0 war axe
              (23 damage)
             ... in the Dungeon (Sprint IX: "|||||||||||||||||||||||||||||").
             The game lasted 00:03:19 (838 turns).

Ebeneezer the Severer (Deep Dwarf Fighter)           Turns: 838, Time: 00:03:19

Health: -2/111     AC: 14    Str: 23    XL:     11   Next: 36%
Magic:  11/11      EV: 18    Int:  9    God:    Makhleb [******]
Gold:   665        SH: 13    Dex: 15    Spells: 10/10 levels left

rFire    . . .     SeeInvis .   n - +2 hand axe (venom)
rCold    . . .     Gourm    .   c - +0 shield
rNeg     . . .     Faith    .   r - +2 ring mail
rPois    .         Spirit   .   (no helmet)
rElec    .         Reflect  .   a - +0 cloak
rCorr    .         Harm     .   p - +0 pair of gloves
MR       +....     Rnd*Rage +   q - +0 pair of boots Stlth +.........NoTele +
                                (no amulet)
HPRegen  0.00/turn              s - +2 ring of evasion
MPRegen  0.12/turn              t - +3 ring of dexterity

@: non-regenerating
A: damage resistance, heal wounds, berserk 1, sense surroundings 2, wild magic
1, no regeneration
a: Heal Wounds, Minor Destruction, Lesser Servant of Makhleb, Major Destruction,
Greater Servant of Makhleb, Renounce Religion


You were in the Dungeon.
You worshipped Makhleb.
Makhleb was exalted by your worship.
You were not hungry.

You visited 1 branch You collected 665 gold pieces.

Inventory:

Hand Weapons
 n - a +2 hand axe of venom (weapon)
 o - a +3 war axe of chopping
Armour
 a - a +0 cloak (worn)
 c - a +0 shield (worn)
 p - a +0 pair of gloves (worn)
 q - a +0 pair of boots (worn)
 r - a +2 ring mail (worn)
Jewellery
 s - a +2 ring of evasion (left hand)
 t - a +3 ring of dexterity (right hand)
Scrolls
 k - 3 scrolls of blinking
 l - 3 scrolls of remove curse
 m - 2 scrolls of amnesia
 w - 2 scrolls of identify
 x - 2 scrolls of fog
 y - 3 scrolls of enchant weapon
 z - 2 scrolls of enchant armour
Potions
 b - a potion of agility
 e - 6 potions of curing
 g - 3 potions of heal wounds
 h - a potion of haste
 i - 4 potions of magic
 j - a potion of invisibility
 u - a potion of resistance
Comestibles
 d - 11 chunks of flesh
 f - 11 rations


   Skills:
 + Level 11.2 Fighting
 * Level 19.9 Axes
 + Level 11.0 Armour
 + Level 9.2 Dodging
 + Level 12.5 Shields


You had 10 spell levels left.
You didn't know any spells.
Your spell library was empty.

Dungeon Overview and Level Annotations

Branches:
Dungeon (1/1)

Altars:
Cheibriados
Dithmenos
Elyvilon
Fedhas
Gozag
Hepliaklqana
Kikubaaqudgha
Makhleb
Nemelex Xobeh
Okawaru
Qazlal
Ru
Sif Muna
Trog
Uskayaw
Vehumet
Wu Jian
Xom
Yredelemnul
Zin
The Shining One
Beogh
Jiyva
Lugonu


Innate Abilities, Weirdness & Mutations

You are resistant to damage.
You can heal yourself by infusing magical energy.
You passively map the area around you.
You do not regenerate.
You tend to lose your temper in combat.
Your spells are a little harder to cast, but a little more powerful.


Message History

You feel much better.
You hit the orc knight.
The orc knight is poisoned.
The orc knight is lightly wounded.
The orc knight hits you with a war axe.
You hit the orc knight but do no damage.
The orc knight looks as sick as possible!
The orc knight is lightly wounded.
The orc warrior no longer looks unusually strong.
An orc knight comes into view. It is wielding a great sword.
The orc knight shouts!
You hit the orc knight but do no damage.
The orc knight is lightly wounded.
The orc knight hits you with a war axe!!
* * * LOW HITPOINT WARNING * * *
The orc warrior cheers repeatedly.
You hit the orc knight but do no damage.
The orc knight looks as sick as possible!
The orc knight is lightly wounded.
The orc knight hits you with a war axe!!
You die...

,
▓)▓.▓.▓.▓_▓
, * *
,▓.▓)▓.▓.▓_▓
, *
▓.▓.▓†▓.▓_▓
* *
,▓.▓.▓.▓.▓_▓
, , ,
▓.▓.▓.▓.▓_▓
,
▓.▓.▓.▓.▓_▓
,▓.▓.▓.▓.▓_▓
* *
▓.▓(▓.▓.▓_▓
, , , *
▓@▓(▓.▓.▓_▓
* , *
,▓o▓.▓.▓.▓_▓
, *, *
▓o▓.▓.▓.▓_▓
, ,* * *, *,
▓o▓.▓.▓.▓_▓
,*
▓o▓.▓†▓.▓_▓
*
▓o▓.▓†▓.▓_▓
*
,▓o▓.▓.▓.▓_▓
* *
▓o▓.▓.▓.▓_▓
,
*o▓.▓†▓.▓_▓


You could see 2 orc knights and 5 orc warriors.

Vanquished Creatures
  A stone giant (D)
  Harold (D)
  2 hydras (D)
  Erica (D)
  An orc knight (D)
  4 lindwurms (D)
  A black mamba (D)
  3 spiny frogs (D)
  A komodo dragon (D)
  A hornet (D)
  3 tyrant leeches (D)
  A slime creature (D)
  A hippogriff (D)
  2 yaks (D)
  5 water moccasins (D)
  3 porcupines (D)
  An orc warrior (D)
  4 ice beasts (D)
  A centaur (D)
  2 bullfrogs (D)
  A scorpion (D)
  3 orc priests (D)
  3 orc wizards (D)
  An adder (D)
  3 adder zombies (D)
  A worm (D)
  6 orcs (D)
  A bat (D)
  A bat zombie (D)
  A kobold (D)
  A quokka zombie (D)
  3 rats (D)
64 creatures vanquished.

Notes
Turn   | Place    | Note
-------+----------+-------------------------------------------
     0 | D        | Ebeneezer the Deep Dwarf Fighter began the quest for the Orb.
     0 | D        | Reached XP level 1. HP: 20/20 MP: 1/1
     6 | D        | Reached skill level 3 in Axes
     9 | D        | Reached skill level 4 in Axes
    17 | D        | Noticed an ice beast
    17 | D        | Noticed an ice beast
    21 | D        | Reached XP level 2. HP: 27/27 MP: 2/2
    24 | D        | Reached skill level 5 in Axes
    29 | D        | Killed an ice beast
    29 | D        | Reached skill level 9 in Axes
    29 | D        | Reached XP level 3. HP: 33/33 MP: 3/3
    29 | D        | Reached XP level 4. HP: 40/40 MP: 4/4
    44 | D        | Killed an ice beast
    44 | D        | Reached skill level 12 in Axes
    44 | D        | Reached XP level 5. HP: 26/46 MP: 5/5
    62 | D        | Found a roughly hewn altar of Beogh.
    62 | D        | Found a snail-covered altar of Cheibriados.
    62 | D        | Found a shadowy altar of Dithmenos.
    62 | D        | Found a white marble altar of Elyvilon.
    62 | D        | Found a blossoming altar of Fedhas.
    62 | D        | Found an opulent altar of Gozag.
    63 | D        | Found a hazy altar of Hepliaklqana.
    64 | D        | Found a viscous altar of Jiyva.
    65 | D        | Found an ancient bone altar of Kikubaaqudgha.
    66 | D        | Found a corrupted altar of Lugonu.
    67 | D        | Found a burning altar of Makhleb.
    68 | D        | Found a sparkling altar of Nemelex Xobeh.
    69 | D        | Found an iron altar of Okawaru.
    70 | D        | Found a stormy altar of Qazlal.
    71 | D        | Found a sacrificial altar of Ru.
    72 | D        | Found a deep blue altar of Sif Muna.
    73 | D        | Found a bloodstained altar of Trog.
    74 | D        | Found a hide-covered altar of Uskayaw.
    75 | D        | Became a worshipper of Makhleb the Destroyer
    76 | D        | Found a radiant altar of Vehumet.
    77 | D        | Found an ornate altar of the Wu Jian Council.
    78 | D        | Found a shimmering altar of Xom.
    79 | D        | Found a basalt altar of Yredelemnul.
    80 | D        | Found a glowing silver altar of Zin.
    81 | D        | Found a glowing golden altar of the Shining One.
   134 | D        | Noticed an ice beast
   134 | D        | Noticed a centaur
   136 | D        | Killed an ice beast
   136 | D        | Reached skill level 1 in Dodging
   136 | D        | Reached XP level 6. HP: 23/56 MP: 6/6
   140 | D        | Reached * piety under Makhleb
   141 | D        | Reached skill level 5 in Shields
   143 | D        | Reached skill level 13 in Axes
   143 | D        | Reached skill level 5 in Armour
   145 | D        | Reached ** piety under Makhleb
   153 | D        | Noticed a hornet
   153 | D        | Noticed a slime creature
   153 | D        | Noticed a yak
   153 | D        | Noticed an ice beast
   153 | D        | Noticed a yak
   157 | D        | Killed a yak
   157 | D        | Reached skill level 5 in Fighting
   157 | D        | Reached XP level 7. HP: 22/67 MP: 7/7
   157 | D        | Paralysed by a hornet for 1 turns
   158 | D        | Killed a hornet
   158 | D        | Killed a slime creature
   158 | D        | Reached skill level 14 in Axes
   162 | D        | Reached *** piety under Makhleb
   162 | D        | Reached XP level 8. HP: 65/78 MP: 8/8
   281 | D        | Gained mutation: You tend to lose your temper in combat. [potion of mutation]
   281 | D        | Gained mutation: Your spells are a little harder to cast, but a little more powerful. [potion of mutation]
   300 | D        | Noticed a six-headed hydra
   300 | D        | Noticed a komodo dragon
   305 | D        | Killed a komodo dragon
   305 | D        | Reached **** piety under Makhleb
   305 | D        | Noticed a black mamba
   308 | D        | Killed an eight-headed hydra
   308 | D        | Reached skill level 15 in Axes
   308 | D        | Reached skill level 5 in Dodging
   308 | D        | Gained mutation: You passively map the area around you. [Deep Dwarf growth]
   308 | D        | Reached XP level 9. HP: 55/88 MP: 9/9
   332 | D        | Reached ***** piety under Makhleb
   348 | D        | Killed a black mamba
   348 | D        | Reached skill level 16 in Axes
   348 | D        | Reached skill level 10 in Shields
   396 | D        | Noticed a spiny frog
   396 | D        | Noticed an eight-headed hydra
   396 | D        | Noticed a spiny frog
   398 | D        | Noticed a spiny frog
   400 | D        | Killed an 11-headed hydra
   400 | D        | Reached skill level 10 in Armour
   403 | D        | Killed a spiny frog
   403 | D        | Reached skill level 17 in Axes
   403 | D        | Reached XP level 10. HP: 39/99 MP: 10/10
   412 | D        | Killed a spiny frog
   418 | D        | Killed a spiny frog
   418 | D        | Reached ****** piety under Makhleb
   433 | D        | Noticed a lindwurm
   433 | D        | Noticed a lindwurm
   433 | D        | Noticed a lindwurm
   436 | D        | Noticed a lindwurm
   443 | D        | Killed a lindwurm
   443 | D        | Reached skill level 18 in Axes
   459 | D        | Killed a lindwurm
   459 | D        | Reached skill level 10 in Fighting
   466 | D        | Killed a lindwurm
   473 | D        | Killed a lindwurm
   562 | D        | Noticed Harold
   580 | D        | Killed Harold
   580 | D        | Reached skill level 19 in Axes
   580 | D        | Reached XP level 11. HP: 92/110 MP: 11/11
   588 | D        | Noticed Erica
   599 | D        | Killed Erica
   624 | D        | Noticed a stone giant
   640 | D        | Killed a stone giant
   814 | D        | Noticed an orc knight
   814 | D        | Noticed an orc knight
   831 | D        | Killed an orc knight
   837 | D        | Noticed an orc knight
   838 | D        | Slain by an orc knight

Vault maps used:
D:        linesprint

Skill      XL: |  1  2  3  4  5  6  7  8  9 10 11 |
---------------+----------------------------------+-----
Axes           | 4 9 12 13 14 15 17 19 | 19.9
Fighting       | 3 5 6 7 9 10 11 | 11.2
Armour         | 4 6 7 9 10 11 | 11.0
Dodging        | 1 2 3 5 6 8 9 |  9.2
Shields        | 4 6 7 9 10 12 | 12.5

Action                   |  1- 3 |  4- 6 |  7- 9 | 10-12 || total
-------------------------+-------+-------+-------+-------++-------
Melee: War axe           |    18 |    34 |    66 |   136 ||   254
       Hand axe          |       |       |       |    20 ||    20
 Abil: Heal Wounds       |       |       |       |     3 ||     3
Evoke: Wand              |       |     4 |     6 |       ||    10
  Use: Potion            |     1 |       |     2 |     1 ||     4
Armor: Scale mail        |     5 |     9 |       |       ||    14
       Ring mail         |       |     2 |    12 |    21 ||    35
Dodge: Dodged            |     2 |     7 |    26 |    40 ||    75
Block: Shield            |     9 |    19 |    43 |    41 ||   112

Table legend:
 A = Spawn XP
 B = Non-spawn XP
 C = Spawn XP percentage of total XP
 D = Spawn monster count
 E = Non-spawn monster count
 F = Spawn count percentage of total count
 G = Total turns spent on level
                    A         B        C        D         E        F      G
               +---------+---------+-------+---------+---------+-------+---------
         Total |       0 |   14950 |   0.0 |       0 |      64 |   0.0 |   838
               +---------+---------+-------+---------+---------+-------+---------
             D |       0 |   14950 |   0.0 |       0 |      64 |   0.0 |   838
               +---------+---------+-------+---------+---------+-------+---------
